 Dungeon Crawl Stone Soup version 0.31.0-4-g52a2dc7128 (webtiles) character file.

Game seed: 12378292382013660007

10975 Zeor the Cleaver (level 11, -5/64 HPs)
             Began as a Gargoyle Reaver on Jan 22, 2024.
             Was a Priest of Wu Jian.
             Slain by a two-headed ogre simulacrum (7 damage)
             ... in an ice cave.
             The game lasted 00:41:28 (12336 turns).

Zeor the Cleaver (Gargoyle Reaver)                 Turns: 12336, Time: 00:41:29

Health: -5/64      AC: 21    Str: 17    XL:     11   Next: 70%
Magic:  18/20      EV: 12    Int: 17    God:    Wu Jian [***...]
Gold:   394        SH:  0    Dex:  8    Spells: 10/23 levels left

rFire   x . .        a - +7 war axe (freeze)
rCold   + . .        (no shield)
rNeg    + . .        d - +0 acid dragon scales
rPois   ∞            (no helmet)
rElec   +            k - +2 cloak
rCorr   +            F - +1 pair of gloves
SInv    +            (no boots)
Will    .....        (no amulet)
Stlth   ++           B - ring of see invisible
HPRegen 0.30/turn    I - ring of ice
MPRegen 0.17/turn

%: no passive effects
@: on berserk cooldown, slowed, very slow
A: sickness immunity, AC +8, negative energy resistance 1, electricity
resistance, torment resistance 1, petrification resistance
a: Renounce Religion, Wall Jump, Serpent's Lash


You were in an ice cave.
You worshipped Wu Jian.
Wu Jian was most pleased with you.
You visited 3 branches of the dungeon, and saw 12 of its levels.
You also visited: Ice Cave.

You collected 720 gold pieces.
You spent 326 gold pieces at shops.

Inventory:

Hand Weapons
 a - a +7 war axe of freezing (weapon)
 j - a +2 hand axe of freezing
 w - a +3 hand axe of freezing
 L - the +7 morningstar of the Final Knives {freeze, rElec rC+}
   (You found it on level 1 of the Lair of Beasts)

   rC+:       It protects you from cold.
   rElec:     It insulates you from electricity.
Armour
 d - +0 acid dragon scales (worn)
 k - a +2 cloak (worn)
 F - a +1 pair of gloves (worn)
Jewellery
 u - an amulet of guardian spirit
 B - a ring of see invisible (left hand)
 I - a ring of ice (right hand)
Talismans
 r - a dragon-blood talisman
 t - a blade talisman
 A - a flux talisman
Wands
 b - a wand of paralysis (8)
 e - a wand of mindburst (7)
 i - a wand of polymorph (19)
 y - a wand of digging (4)
 C - a wand of quicksilver (29)
 K - a wand of flame (16)
Scrolls
 h - 4 scrolls of teleportation
 n - a scroll of vulnerability
 p - 2 scrolls of amnesia
 q - a scroll of torment
 s - 2 scrolls of immolation
 z - a scroll of identify
 D - a scroll of summoning
 H - a scroll of fear
Potions
 c - 6 potions of mutation
 f - 3 potions of attraction
 l - 5 potions of curing
 o - 2 potions of cancellation
 v - 2 potions of resistance
 x - 4 potions of enlightenment
 E - a potion of magic
 G - 2 potions of ambrosia
Miscellaneous
 g - a box of beasts


   Skills:
 + Level 5.8 Fighting
 + Level 10.0 Axes
 * Level 7.6 Armour
 + Level 4.9 Dodging
 + Level 3.1 Stealth
 + Level 6.6 Spellcasting
 * Level 8.7 Conjurations
 + Level 1.3 Translocations
 + Level 2.2 Earth Magic


You had 10 spell levels left.
You knew the following spells:

 Your Spells              Type           Power      Damage    Failure   Level
a - Stone Arrow           Conj/Erth      48%        3d10      4%          3
b - Iskenderun's Mystic   Conj/Tloc      22%        2d6       19%         4
h - Hailstorm             Conj/Ice       30%        3d8       8%          3
k - Kiss of Death         Conj/Necr      80%        2d11      2%          1
s - Momentum Strike       Conj/Tloc      44%        3d9       3%          2

Your spell library contained the following spells:

 Spells                   Type           Power      Damage    Failure   Level
 Confusing Touch          Hex            5%         N/A       43%         3
 Tukima's Dance           Hex            5%         N/A       43%         3
 Animate Armour           Summ/Erth      18%        N/A       67%         4
 Dimensional Bullseye     Hex/Tloc       3%         N/A       75%         4
 Dispel Undead            Necr           5%         3d7       83%         4
 Ignite Poison            Fire/Alch      5%         N/A       83%         4
 Sticky Flame             Fire/Alch      5%         2d4       83%         4
 Conjure Ball Lightning   Conj/Air       10%        3x3d6     98%         6
 Discord                  Hex            2%         N/A       100%        8
 Disjunction              Tloc           5%         N/A       100%        8
 Ignition                 Fire           2%         3d3       100%        8
 Lehudib's Crystal Spear  Conj/Erth      12%        10d4      100%        8


Dungeon Overview and Level Annotations

Branches:
Dungeon (9/15)             Temple (1/1) D:5            Lair (2/5) D:9
  Snake (0/4) Lair:2        IceCv (1/1)
  Swamp: Lair:2-3    Shoals: Lair:2-3       Orc: D:9-12

Altars:
Ashenzari
Cheibriados
Dithmenos
Elyvilon
Fedhas
Gozag
Hepliaklqana
Kikubaaqudgha
Makhleb
Nemelex Xobeh
Okawaru
Qazlal
Ru
Sif Muna
Trog
Uskayaw
Vehumet
Wu Jian
Xom
Yredelemnul
Zin
The Shining One

Shops:
D:1 ![*   D:4 ?

Annotations:
D:8 1 runed translucent door, TheBioAlchemist's ghost, novice OpSh
Lair:1 3 runed translucent doors, Sammaje's ghost, novice MiBe


Innate Abilities, Weirdness & Mutations

You are immune to sickness and miasma.
Your stone body is resilient. (AC +8)
You are immune to poison.
You resist negative energy. (rN+)
You are resistant to electric shocks. (rElec)
You are resistant to unholy torment.
You are immune to petrification.


Message History

The puff of frost hits you but does no damage.
The two-headed ogre simulacrum closely misses you.
The two-headed ogre simulacrum hits you.
The two-headed ogre simulacrum freezes you!
You resist. The white imp gestures at you. The puff of frost misses you.
You slash the two-headed ogre simulacrum!
The two-headed ogre simulacrum is severely damaged.
You hit the white imp.
The white imp hits you but does no damage.
The two-headed ogre simulacrum barely misses you.
The two-headed ogre simulacrum hits you but does no damage.
You hit the white imp.
The white imp is severely wounded.
You hit the two-headed ogre simulacrum.
The white imp hits you but does no damage.
The white imp gestures at you. The puff of frost hits you. You resist.
The two-headed ogre simulacrum hits you but does no damage.
The two-headed ogre simulacrum misses you.
You slash the white imp!
You kill the white imp!
The Council accepts your kill.
You barely miss the two-headed ogre simulacrum.
The two-headed ogre simulacrum barely misses you.
The two-headed ogre simulacrum hits you.
The two-headed ogre simulacrum freezes you!
You resist.
* * * LOW HITPOINT WARNING * * *
You slash the two-headed ogre simulacrum!
The two-headed ogre simulacrum is heavily damaged.
You hit the two-headed ogre simulacrum.
The two-headed ogre simulacrum hits you.
* * * LOW HITPOINT WARNING * * *
The two-headed ogre simulacrum freezes you!
You resist.
* * * LOW HITPOINT WARNING * * *
The two-headed ogre simulacrum hits you!
You die...

▒▒ ▒≈ ▒≈ ▒≈
▒ ▒≈
▒▒▒▒∙▒▒▒∙
▒∙▒▒∙∙∙∙∙∙∙∙
▒▒∙Z∩∙∙∙∙∙▒
▒∙9ZZ∙∙▒∙▒▒
▒∙∙▒▒▒▒▒
▒▒▒▒


You could see a spriggan simulacrum and 2 two-headed ogre simulacra.

Vanquished Creatures
  4 elephants (Lair:2)
  A torpor snail (Lair:1)
  4 cane toads
  A rime drake (Lair:1)
  3 komodo dragons
  9 yaks (Lair:1)
  A wraith (D:9)
  2 basilisks (Lair:1)
  2 steam dragons
  3 nagas (Lair:2)
  6 water moccasins
  5 sky beasts
  2 orc warriors (D:9)
  4 black bears
  3 ice beasts
  An ogre (D:4)
  5 wolves (Lair:1)
  A centaur (D:8)
  2 kobold brigands (D:9)
  4 scorpions
  3 bullfrogs
  4 wights (D:6)
  14 killer bees
  7 howler monkeys
  3 bombardier beetles
  5 hounds
  2 orc priests
  Terence (D:2)
  Jessica (D:2)
  An iguana (D:7)
  2 orc wizards
  7 gnolls (D:4)
  2 adders
  A shadow imp (D:7)
  13 white imps
  2 ufetubi (D:7)
  A ribbon worm (D:2)
  2 dart slugs (D:4)
  21 orcs
  10 ball pythons
  6 bats
  10 endoplasms
  5 giant cockroaches
  7 goblins
  8 hobgoblins
  7 jackals
  20 kobolds
  6 quokkas
  7 frilled lizards
  4 rats
245 creatures vanquished.

Notes
Turn   | Place    | Note
-------+----------+-------------------------------------------
     0 | D:1      | Zeor the Gargoyle Reaver began the quest for the Orb.
     0 | D:1      | Reached XP level 1. HP: 12/12 MP: 3/3
   149 | D:1      | Found Tyucw's Distillery.
   156 | D:1      | Bought a potion of degeneration for 11 gold pieces
   217 | D:1      | Reached skill level 3 in Axes
   217 | D:1      | Reached XP level 2. HP: 14/17 MP: 5/5
   454 | D:1      | Found Tixik's General Store.
   472 | D:1      | Bought a scroll of identify for 22 gold pieces
   483 | D:1      | Learned a level 2 spell: Momentum Strike
   608 | D:1      | Found Xujiemol's Armour Emporium.
   616 | D:1      | Reached XP level 3. HP: 7/21 MP: 6/6
  1407 | D:1      | Bought a potion of heal wounds for 55 gold pieces
  1594 | D:2      | Noticed Terence
  1622 | D:2      | Killed Terence
  1623 | D:2      | Reached skill level 1 in Armour
  1623 | D:2      | Reached XP level 4. HP: 25/26 MP: 7/7
  1774 | D:2      | Noticed Jessica
  1779 | D:2      | Killed Jessica
  1830 | D:2      | Reached XP level 5. HP: 30/30 MP: 8/8
  2485 | D:3      | Reached skill level 4 in Axes
  2804 | D:3      | Learned a level 3 spell: Hailstorm
  3291 | D:1      | Bought 2 potions of curing for 66 gold pieces
  3291 | D:1      | Bought a potion of berserk rage for 55 gold pieces
  3489 | D:4      | Reached XP level 6. HP: 14/36 MP: 8/10
  3912 | D:4      | Found Ohamav's Magic Scroll Shop.
  3921 | D:4      | Bought a scroll of teleportation for 39 gold pieces
  3921 | D:4      | Bought a scroll of identify for 26 gold pieces
  3986 | D:4      | Reached skill level 1 in Stealth
  4159 | D:4      | Bought a scroll of identify for 26 gold pieces
  4159 | D:4      | Bought a scroll of identify for 26 gold pieces
  4674 | D:5      | Entered Level 5 of the Dungeon
  4674 | D:5      | Found a staircase to the Ecumenical Temple.
  4705 | Temple   | Entered the Ecumenical Temple
  4823 | Temple   | Became a worshipper of the Wu Jian Council
  4859 | D:5      | Noticed a water moccasin
  4866 | D:5      | Killed a water moccasin
  4867 | D:5      | Reached skill level 5 in Axes
  4867 | D:5      | Reached XP level 7. HP: 40/40 MP: 8/11
  5519 | D:5      | Reached skill level 5 in Conjurations
  5519 | D:5      | Reached XP level 8. HP: 46/46 MP: 13/13
  6085 | D:6      | Reached skill level 6 in Axes
  6241 | D:6      | Learned a level 3 spell: Stone Arrow
  6870 | D:7      | Found a sacrificial altar of Ru.
  6870 | D:7      | Found a shimmering altar of Xom.
  6870 | D:7      | Found a blossoming altar of Fedhas.
  6878 | D:7      | Reached XP level 9. HP: 51/51 MP: 11/15
  7029 | D:7      | Reached skill level 7 in Axes
  7130 | D:7      | Found a stormy altar of Qazlal.
  7134 | D:7      | Found a burning altar of Makhleb.
  7138 | D:7      | Reached * piety under Wu Jian
  7247 | D:7      | Found a hazy altar of Hepliaklqana.
  7249 | D:7      | Found a glowing golden altar of the Shining One.
  7339 | D:7      | Reached skill level 5 in Armour
  7572 | D:7      | Found an opulent altar of Gozag.
  7789 | D:8      | Reached skill level 1 in Earth Magic
  7791 | D:8      | Reached skill level 5 in Spellcasting
  8063 | D:8      | Noticed TheBioAlchemist's ghost (novice OpSh)
  8067 | D:8      | Found a runed translucent door.
  8255 | D:8      | Identified the +0 robe "Raohuntu" {^Contam rC+ Regen+
                  | rCorr}
  8775 | D:9      | Reached skill level 8 in Axes
  8775 | D:9      | Reached XP level 10. HP: 50/57 MP: 12/17
  8786 | D:9      | Learned a level 4 spell: Iskenderun's Mystic Blast
  8808 | D:9      | Found a staircase to the Lair.
  9372 | D:9      | Reached ** piety under Wu Jian
 10364 | Lair:1   | Entered Level 1 of the Lair of Beasts
 10385 | Lair:1   | Identified the +7 morningstar of the Final Knives {freeze,
                  | rElec rC+}
 10582 | Lair:1   | Noticed a cane toad
 10592 | Lair:1   | Killed a cane toad
 10721 | Lair:1   | Reached skill level 9 in Axes
 10871 | Lair:1   | Reached XP level 11. HP: 60/62 MP: 14/20
 11064 | Lair:1   | Reached skill level 5 in Fighting
 11064 | Lair:1   | Reached skill level 1 in Translocations
 11185 | Lair:1   | Found a runed translucent gate.
 11185 | Lair:1   | Found a runed translucent gate.
 11185 | Lair:1   | Found a runed translucent gate.
 11186 | Lair:1   | Noticed Sammaje's ghost (novice MiBe)
 11968 | Lair:2   | Found a staircase to the Snake Pit.
 12292 | Lair:2   | Found a frozen archway.
 12307 | Lair:2   | Reached *** piety under Wu Jian
 12308 | Lair:2   | Reached skill level 10 in Axes
 12326 | IceCv    | Entered an ice cave
 12336 | IceCv    | HP: 2/64 [two-headed ogre simulacrum (8)]
 12336 | IceCv    | Slain by a two-headed ogre simulacrum

Illustrated notes

Levels and vault maps discovered:
D:1:      grunt_arrival_lava_bath, layout_basic, serial_shops,
          nicolae_shop_rolling_square, shop, shop
D:2:      layout_basic, uniq_jessica, uniq_terence
D:3:      layout_basic
D:4:      minmay_general_purpose_star, layout_loops_corners, serial_shops, shop
D:5:      layout_basic, minmay_temple_entry_sparse_star, minmay_holes
D:6:      layout_loops_ring
D:7:      layout_loops_ring, nicolae_gozag_cash_rules_everything_around_me,
          chequers_temple_overflow_statue_of_worship,
          nicolae_overflow_macrodata_refinement, glass_columns_b,
          amethyst_killhole, grunt_ministairs_9
D:8:      layout_loops_corners, hellmonk_ghost_happy_afterlife
D:9:      layout_stronghold, lair_entry_dummy
Temple:   nicolae_temple_great_sept
Lair:1:   layout_cave_pods, ebering_ghost_rock_garden, grunt_megastairs_1
Lair:2:   layout_small_grid, minmay_snake_entry_guardpost_small,
          portal_ice_cave_entry_imps
IceCv:    ice_cave_caverns_02

Skill      XL: |  1  2  3  4  5  6  7  8  9 10 11 |
---------------+----------------------------------+-----
Axes           | 3 4 5 6 8 9 10 | 10.0
Armour         | 1 2 3 4 5 6 7 |  7.6
Conjurations   | 4 5 6 7 8 |  8.7
Dodging        | 2 3 4 |  4.9
Stealth        | 1 2 3 |  3.1
Spellcasting   | 3 4 5 6 |  6.6
Fighting       | 3 4 5 |  5.8
Earth Magic    | 1 2 |  2.2
Translocations | 1 |  1.3

Action                     |  1- 3 |  4- 6 |  7- 9 | 10-12 || total
---------------------------+-------+-------+-------+-------++-------
  Melee: Hand axe          |   164 |   176 |    87 |       ||   427
         Punch             |     1 |     2 |     1 |     6 ||    10
         War axe           |       |       |   107 |   224 ||   331
   Cast: Momentum Strike   |     1 |     8 |     6 |     7 ||    22
         Hailstorm         |       |       |     1 |     9 ||    10
         Stone Arrow       |       |       |    15 |    20 ||    35
         Iskenderun's Myst |       |       |       |     4 ||     4
         Kiss of Death     |       |       |       |     2 ||     2
Ability: Lunge             |       |       |    21 |    14 ||    35
         Whirlwind         |       |       |       |    10 ||    10
         Wall Jump         |       |       |       |     1 ||     1
    Use: Scroll            |     5 |     9 |     7 |     2 ||    23
         Potion            |       |       |     1 |     2 ||     3
   Stab: Sleeping          |       |     1 |     1 |       ||     2
 Armour: Leather armour    |    40 |       |       |       ||    40
         Acid dragon scale |    56 |    99 |   117 |   183 ||   455
         Skin              |       |       |    12 |       ||    12
  Dodge: Dodged            |   104 |    83 |   108 |   154 ||   449
